 Dungeon Crawl Stone Soup version 0.29.0-11-gd7f09526c8 (webtiles) character file.

Game seed: 4732110960371262171

7564 robertstho the Grappler (level 11, -1/87 HPs)
             Began as a Vine Stalker Berserker on Sept 2, 2022.
             Was an Elder of Trog.
             Slain by a death yak (3 damage)
             ... on level 9 of the Dungeon.
             The game lasted 00:09:49 (6720 turns).

robertstho the Grappler (Vine Stalker Berserker)    Turns: 6720, Time: 00:09:50

Health: -1/87      AC: 15    Str: 23    XL:     11   Next: 17%
Magic:  0/12       EV:  6    Int:  7    God:    Trog [****..]
Gold:   743        SH:  7    Dex: 15    Spells: 10/10 levels left

rFire   + . .      SeeInvis +     - Unarmed
rCold   x . .      Faith    .   H - +0 kite shield
rNeg    . . .      Spirit   +   k - +0 plate armour
rPois   .          Reflect  .   (no helmet)
rElec   .          Harm     .   E - +0 cloak
rCorr   .          Rampage  .   (no gloves)
Will    +....                   a - +0 pair of boots
Stlth   ..........              (no amulet)
HPRegen 1.04/turn               o - ring of fire
MPRegen 0.13/turn               y - ring of see invisible

@: berserking (expiring), lethally poisoned (-1 -> -3), slowed
A: fangs 3, regeneration 1, magic shield, antimagic bite, no potion heal 2
a: Renounce Religion, Berserk, Trog's Hand, Brothers in Arms


You were on level 9 of the Dungeon.
You worshipped Trog.
Trog was greatly pleased with you.
You visited 1 branch of the dungeon, and saw 9 of its levels.
You also visited: Ossuary.

You collected 743 gold pieces.

Inventory:

Hand Weapons
 r - a +4 hand axe of flaming
Missiles
 j - 2 throwing nets (quivered)
Armour
 a - a +0 pair of boots (worn)
 g - a +2 robe of resistance
 k - a +0 plate armour (worn)
 E - a +0 cloak (worn)
 H - a +0 kite shield (worn)
Jewellery
 o - a ring of fire (left hand)
 y - a ring of see invisible (right hand)
Wands
 A - a wand of flame (18)
 G - a wand of polymorph (5)
Scrolls
 c - a scroll of vulnerability
 d - a scroll of fear {unknown}
 e - 7 scrolls of teleportation
 f - 4 scrolls of enchant weapon
 i - 2 scrolls of blinking {unknown}
 l - a scroll of torment {unknown}
 p - 4 scrolls of butterflies {unknown}
 q - a scroll of silence {unknown}
 s - a scroll of immolation {unknown}
 t - 2 scrolls of noise {unknown}
 u - 2 scrolls of magic mapping {unknown}
 w - a scroll of summoning
Potions
 b - 2 potions of resistance {unknown}
 h - 6 potions of curing
 m - 2 potions of attraction {unknown}
 n - 4 potions of heal wounds {unknown}
 v - a potion of flight
 x - 2 potions of invisibility
 z - a potion of degeneration {unknown}
 B - a potion of haste {unknown}
 D - 2 potions of mutation


   Skills:
 * Level 6.8 Fighting
 + Level 6.2 Armour
 + Level 2.7 Dodging
 + Level 1.5 Stealth
 + Level 0.7 Shields
 * Level 13.5 Unarmed Combat


You had 10 spell levels left.
You didn't know any spells.
Your spell library was empty.

Dungeon Overview and Level Annotations

Branches:
Dungeon (9/15)             Temple (0/1) D:7            Lair (0/5) D:9
Ossuary (visited)
    Orc: D:9-12

Altars:
Cheibriados
Trog
Wu Jian
Xom

Shops:
D:4 [   D:6 :

Annotations:
D:9 Harold


Innate Abilities, Weirdness & Mutations

You have razor-sharp teeth.
Your natural rate of healing is unusually fast.
When hurt, damage is shared between your health and your magic reserves.
Your bite disrupts and absorbs the magic of your enemies.
Potions cannot restore your health.


Message History

You feel yourself moving faster!
You feel mighty!
You feel sick. The hornet stings you!
You feel as though you will be slow longer.
The hornet stings you but does no damage.
You punch the hornet! Your bite misses the hornet.
The hornet is moderately wounded.
You feel sick.
The hornet stings you but does no damage.
You closely miss the hornet. Your bite misses the hornet.
The hornet is moderately wounded.
You feel sick. The hornet stings you!
You are more poisoned.
You feel as though you will be slow longer.
You block the hornet's attack.
You pummel the hornet!!
You kill the hornet!
Trog accepts your kill.
You feel very sick. The death yak gores you.
* * * LOW HITPOINT WARNING * * *
You punch the death yak!
The death yak is lightly wounded.
You feel very sick. The death yak gores you!
* * * LOW HITPOINT WARNING * * *
Unknown command.
You pummel the death yak!! You bite the death yak. You drain its power.
You feel invigorated.
The death yak is moderately wounded.
You feel sick.
The death yak gores you but does no damage.
You punch the death yak! Your bite misses the death yak.
The death yak is heavily wounded.
You feel sick. The death yak gores you!!
* * * LOW HITPOINT WARNING * * *
You punch the death yak!
The death yak is severely wounded.
* * * LOW HITPOINT WARNING * * *
You feel sick. The death yak gores you.
You die...

#......... ..
#......... ...
#......... ....
#)........
)...######.........
.........#.†.......
.........<.........
#......#.........
#....@†##########
#.!..Y.'...#
#......###.#
#....@.# #......###
# ####.##..#.
.........#.
.......... #
.........#.#


You could see a death yak and Harold.

Vanquished Creatures
  2 death yaks (D:8)
  Joseph (D:9)
  A tengu conjurer (D:8)
  The ghost of baller8008 the Covered, an amateur NaFi of Makhleb (D:5)
  A hornet (D:9)
  A yak (D:8)
  4 wyverns (D:8)
  A shadow (D:9)
  2 steam dragons
  A vampire mosquito (D:8)
  Edmund (D:6)
  An acid dragon (D:8)
  2 water moccasins
  An orc warrior (D:8)
  An ice beast (D:8)
  A sky beast (D:8)
  2 black bears
  4 centaurs
  3 phantoms
  3 kobold brigands (D:8)
  Blork the orc (D:4)
  7 bullfrogs
  2 gnoll sergeants (D:8)
  3 necrophages
  A water moccasin zombie (D:6)
  4 scorpions
  A wight (D:8)
  2 killer bees (D:8)
  4 bullfrog zombies (D:6)
  2 centaur zombies (D:6)
  2 howler monkeys (D:9)
  4 hounds
  A gnoll bouda (D:8)
  A bullfrog skeleton (D:6)
  2 jellies
  Jessica (D:2)
  3 iguanas
  Terence (D:2)
  2 orc wizards (D:8)
  A hell rat (D:8)
  8 mummies (Ossuary)
  A howler monkey zombie (D:6)
  3 howler monkey skeletons (D:6)
  8 gnolls
  8 adders
  A white imp (D:8)
  An ufetubus (D:6)
  2 worms
  3 dart slugs
  15 orcs
  6 ball pythons
  3 bats
  5 endoplasms
  2 giant cockroaches
  A gnoll zombie (Ossuary)
  5 goblins
  9 hobgoblins
  4 jackals (D:1)
  A quokka (D:2)
  2 frilled lizards
  A hobgoblin zombie (Ossuary)
  18 kobolds
  4 kobold zombies (Ossuary)
  2 orc zombies (Ossuary)
  4 rats
196 creatures vanquished.

Vanquished Creatures (collateral kills)
  A kobold brigand (D:8)
  2 bullfrogs (D:8)
  2 orcs (D:8)
5 creatures vanquished.

Vanquished Creatures (others)
  A plant (D:1)
  A withered plant (D:6)
2 creatures vanquished.

Grand Total: 203 creatures vanquished

Notes
Turn   | Place    | Note
-------+----------+-------------------------------------------
     0 | D:1      | robertstho the Vine Stalker Berserker began the quest for
                  | the Orb.
     0 | D:1      | Reached XP level 1. HP: 11/11 MP: 2/2
   258 | D:1      | Reached XP level 2. HP: 11/16 MP: 3/3
   854 | D:1      | Reached XP level 3. HP: 18/20 MP: 4/4
  1164 | D:2      | Noticed Jessica
  1171 | D:2      | Killed Jessica
  1172 | D:2      | Reached skill level 4 in Unarmed Combat
  1223 | D:2      | Found an ornate altar of the Wu Jian Council.
  1225 | D:2      | Noticed Terence
  1242 | D:2      | Killed Terence
  1243 | D:2      | Gained mutation: Your natural rate of healing is unusually
                  | fast. [Vine Stalker growth]
  1243 | D:2      | Reached XP level 4. HP: 24/24 MP: 5/5
  1740 | D:3      | Reached skill level 1 in Stealth
  1769 | D:3      | Found a faded altar of an unknown god.
  1821 | D:3      | Reached ** piety under Trog
  1822 | D:3      | Reached XP level 5. HP: 25/28 MP: 6/6
  2656 | D:4      | Reached skill level 5 in Unarmed Combat
  2873 | D:4      | Noticed Blork the orc
  2894 | D:4      | Killed Blork the orc
  2895 | D:4      | Reached XP level 6. HP: 30/33 MP: 5/7
  3071 | D:4      | Found Taxi's Antique Armour Shoppe.
  3303 | D:4      | Noticed a black bear
  3310 | D:4      | Killed a black bear
  3360 | D:4      | Reached skill level 6 in Unarmed Combat
  3372 | D:4      | Reached XP level 7. HP: 37/37 MP: 6/8
  3406 | D:5      | Entered Level 5 of the Dungeon
  3522 | D:5      | Found a runed translucent door.
  3524 | D:5      | Noticed baller8008's ghost (amateur NaFi)
  3557 | D:5      | Reached skill level 7 in Unarmed Combat
  3962 | D:5      | Killed baller8008's ghost
  3963 | D:5      | Gained mutation: You have razor-sharp teeth. [Vine Stalker
                  | growth]
  3963 | D:5      | Reached XP level 8. HP: 42/42 MP: 9/9
  4027 | D:6      | Reached skill level 8 in Unarmed Combat
  4098 | D:6      | Found Foakleu's Book Shop.
  4109 | D:6      | Reached *** piety under Trog
  4256 | D:6      | Found a shimmering altar of Xom.
  4266 | D:6      | Noticed Edmund
  4275 | D:6      | Killed Edmund
  4276 | D:6      | Reached skill level 5 in Fighting
  4276 | D:6      | Reached skill level 9 in Unarmed Combat
  4276 | D:6      | Reached XP level 9. HP: 47/47 MP: 7/10
  4743 | D:7      | Reached skill level 10 in Unarmed Combat
  4822 | D:7      | Found a sand-covered staircase.
  4827 | Ossuary  | Entered an ossuary
  5231 | D:7      | Found a staircase to the Ecumenical Temple.
  5440 | D:8      | Reached skill level 11 in Unarmed Combat
  5444 | D:8      | Reached **** piety under Trog
  5589 | D:8      | Reached XP level 10. HP: 48/53 MP: 7/11
  5635 | D:8      | Found a snail-covered altar of Cheibriados.
  5635 | D:8      | Found a bloodstained altar of Trog.
  5745 | D:8      | Reached skill level 5 in Armour
  5939 | D:8      | Reached skill level 12 in Unarmed Combat
  6434 | D:9      | Noticed a death yak
  6435 | D:9      | Found a staircase to the Lair.
  6435 | D:9      | Noticed a death yak
  6435 | D:9      | Noticed Harold
  6437 | D:9      | Noticed a death yak
  6447 | D:8      | HP: 2/76 [death yak (6)]
  6448 | D:8      | Killed a death yak
  6449 | D:8      | Reached skill level 13 in Unarmed Combat
  6508 | D:8      | Killed a death yak
  6509 | D:8      | Reached XP level 11. HP: 58/58 MP: 12/12
  6684 | D:9      | Noticed Joseph
  6692 | D:9      | Killed Joseph
  6719 | D:9      | HP: 2/87 [death yak (13)]
  6720 | D:9      | Slain by a death yak

Illustrated notes

Levels and vault maps discovered:
D:1:      dpeg_arrival_snail, layout_basic, serial_forest,
          infiniplex_forest_end_1, infiniplex_forest_clump_small,
          infiniplex_forest_straight_5, infiniplex_forest_zigzag_2,
          minmay_domino_2
D:2:      layout_rooms, basic_altar, uniq_terence, uniq_jessica
D:3:      layout_basic, ebering_ecumenical_altar_abandoned,
          hangedman_decor_opposing
D:4:      layout_loops_ring, serial_shops, nicolae_diamond_shop,
          minmay_pentangle, uniq_blork_the_orc
D:5:      layout_cave_pools, gammafunk_ghost_grave, serial_rivers,
          chequers_serial_rivers_micro_d, chequers_serial_rivers_large_b,
          chequers_serial_rivers_micro_a, chequers_serial_rivers_small_b,
          chequers_serial_rivers_micro_d, lemuel_flamethrower_2
D:6:      layout_basic, amcnicky_altar_gilded, serial_shops, shop,
          serial_undead, serial_undead_d, serial_undead_c, serial_undead_f,
          serial_undead_e, serial_undead_d, serial_undead_e, uniq_edmund
D:7:      layout_basic, temple_hall_moat, enter_ossuary_2
D:8:      nzn_winding_woodlands_medium [nzn_winding_woodlands_5x5_perimeter,
          nzn_winding_woodlands_5x15_zeroes, nzn_winding_woodlands_hourglass,
          nzn_winding_woodlands_5x5_default,
          nzn_winding_woodlands_center_pierced_h,
          nzn_winding_woodlands_5x5_open_star, nzn_winding_woodlands_5x5_three,
          nzn_winding_woodlands_5x15_twine,
          nzn_winding_woodlands_5x5_checkerboard], layout_basic,
          mainiacjoe_overflow_large_starburst
D:9:      layout_basic, dpeg_lair_monsters, grunt_ministairs_15,
          dreamdust_princess_corridor, uniq_harold, uniq_joseph

Skill      XL: |  1  2  3  4  5  6  7  8  9 10 |
---------------+-------------------------------+-----
Fighting       | 3 4 5 6 |  6.8
Unarmed Combat | 4 5 6 7 9 11 13 | 13.5
Stealth        | 1 |  1.5
Armour         | 2 3 4 6 |  6.2
Dodging        | 2 |  2.7
Shields        | |  0.7

Action                   |  1- 3 |  4- 6 |  7- 9 | 10-12 || total
-------------------------+-------+-------+-------+-------++-------
Melee: Unarmed           |    66 |   167 |   250 |   151 ||   634
       Bite              |    11 |    36 |    94 |    45 ||   186
       Punch             |       |     6 |    20 |     4 ||    30
Invok: Berserk           |     1 |     1 |     4 |     6 ||    12
       Brothers in Arms  |       |       |       |     1 ||     1
  Use: Scroll            |       |       |    10 |     1 ||    11
 Stab: Sleeping          |     2 |       |       |       ||     2
Armor: Animal skin       |     3 |       |       |       ||     3
       Robe              |     2 |       |       |       ||     2
       Chain mail        |       |    15 |       |       ||    15
       Plate armour      |       |    63 |   145 |    89 ||   297
Dodge: Dodged            |    35 |    54 |    83 |    47 ||   219
Block: Kite shield       |       |       |       |    13 ||    13
